 Adventure DCSS version bcrawl-1.23.1-30-gcf7fa35852 (webtiles) character file.

Game seed: 4996980086437985957

256 Gazerockf the Sneak (level 6, -4/30 HPs)
             Began as a Felid Warper on May 29, 2020.
             Slain by a hound (5 damage)
             ... on level 7 of the Dungeon.
             The game lasted 00:05:26 (1194 turns).

Gazerockf the Sneak (Felid Warper)                  Turns: 1194, Time: 00:05:26

Health: -4/30      AC:  2    Str:  7    XL:     6   Next: 15%
Magic:  2/8        EV: 20    Int: 15    God:
Gold:   64         SH:  0    Dex: 17    Spells: 6/7 levels left
                                        Lives:  0   Deaths: 2

rFire    . . .     SeeInvis +   (weapon unavailable)
rCold    . . .     Gourm    .   (shield unavailable)
rNeg     . . .     Faith    .   (armour unavailable)
rPois    .         Spirit   .   (helmet unavailable)
rElec    .         Reflect  .   (cloak restricted)
rCorr    .         Harm     .   (gloves unavailable)
MR       .....                  (boots unavailable)
Stlth    ++++......             (no amulet)
HPRegen  0.10/turn              (no ring)
MPRegen  0.11/turn              (no ring)

@: quick
A: very small, no armour, no weapons or thrown items, stealth, claws 1, fangs 3,
see invisible, carnivore, speed 1, shaggy fur 2, slow metabolism 1, sharp paws
a: no special abilities


You were on level 7 of the Dungeon.
You were not hungry.

You visited 1 branch of the dungeon, and saw 7 of its levels.

You collected 64 gold pieces.

Inventory:

Jewellery
 i - an uncursed amulet of regeneration {unknown}
Scrolls
 a - a scroll of teleportation {unknown}
 b - 2 scrolls of blinking
 f - a scroll of immolation {unknown}
 g - a scroll of remove curse {unknown}
 h - a scroll of magic mapping {unknown}
 j - a scroll of fog {unknown}
Potions
 c - 4 potions of curing {unknown}
 d - a potion of lignification {unknown}
Comestibles
 e - 5 rations {!d}


   Skills:
 - Level 2.0 Fighting
 - Level 5.1 Dodging
 * Level 7.4 Stealth
 - Level 1.2 Spellcasting
 - Level 4.4 Translocations


You had 6 spell levels left.
You knew the following spells:

 Your Spells              Type           Power        Failure   Level  Hunger
a - Blink Other           Tloc           ##....       4%          1    ##.....

Your spell library contained the following spells:

 Spells                   Type           Power        Failure   Level  Hunger
 Blink                    Tloc           N/A          6%          2    ###....
 Teleport Other           Tloc           ##......     12%         3    ####...
 Passage of Golubria      Tloc           N/A          73%         5    ######.
 Portal Projectile        Tloc           Unusable     N/A         3    N/A

Dungeon Overview and Level Annotations

Branches:
Dungeon (8/12)
 Temple: D:4-7         Lair: D:7-9          Orc: D:8-11

Altars:
Lugonu
Okawaru


Innate Abilities, Weirdness & Mutations

You cannot wear almost all types of armour.
You are incapable of wielding weapons or throwing items.
Your paws allow you to move quietly. (Stealth)
You have sharp claws.
You have razor-sharp teeth.
You have supernaturally acute eyesight. (SInv)
You are carnivorous and can eat meat at any time.
You cover ground quickly.
You are covered in thick fur. (AC +2)
You have a slow metabolism.
Your sharp claws are effective at attacking unaware monsters.


Message History

The hound bites you.
* * * LOW HITPOINT WARNING * * *
There is a stone staircase leading up here.
The hound completely misses you.
You climb upwards.
Found three items.
There is a stone staircase leading down here.
The hound misses you.
The hound pauses to sniff the ground.
The hound closely misses you.
Found 178 stones.
You see here a twisted zirconium amulet.
i - a twisted zirconium amulet The hound completely misses you. x2
The hound bites you.
* * * LOW HITPOINT WARNING * * *
You see here a scroll labeled HYSUOTU CESIAJ.
j - a scroll labeled HYSUOTU CESIAJ The hound bites you.
You die...

#...# #..$# .
########..####....
#.....>........
#...$..####....
#......# .
#......#
######......#
#......h....#
#.....@.....#
#......######
#......# #..(...#
#......# #......#
#......# ########


You could see a hound.

Vanquished Creatures
  2 bats (D:1)
  A frilled lizard (D:1)
  A rat (D:2)
4 creatures vanquished.

Notes
Turn   | Place    | Note
-------+----------+-------------------------------------------
     0 | D:1      | Gazerockf the Felid Warper began the quest for the Orb.
     0 | D:1      | Reached XP level 1. HP: 11/11 MP: 3/3
   127 | D:1      | Reached skill level 1 in Stealth
   303 | D:1      | Reached skill level 2 in Stealth
   303 | D:1      | Reached XP level 2. HP: 15/15 MP: 4/4
   672 | D:2      | Killed from afar by a dart slug
   673 | D:2      | Reached XP level 1. HP: 0/11 MP: 3/3
   769 | D:2      | Reached XP level 2. HP: 15/15 MP: 4/4
   860 | D:4      | You fall into a shaft and drop 2 floors!
   862 | D:6      | Reached skill level 3 in Stealth
   873 | D:6      | Reached XP level 3. HP: 18/18 MP: 5/5
   876 | D:6      | Reached skill level 4 in Stealth
   876 | D:6      | Reached XP level 4. HP: 23/23 MP: 6/6
   876 | D:6      | Noticed an orc warrior
   885 | D:6      | Slain by an orc warrior
   886 | D:6      | Reached XP level 3. HP: 0/18 MP: 3/5
   886 | D:6      | Reached skill level 5 in Stealth
   911 | D:6      | Reached XP level 4. HP: 23/23 MP: 6/6
   984 | D:8      | Reached skill level 6 in Stealth
   984 | D:8      | Reached XP level 5. HP: 14/26 MP: 7/7
   985 | D:8      | Reached skill level 5 in Dodging
  1025 | D:8      | Found a corrupted altar of Lugonu.
  1026 | D:8      | Reached skill level 7 in Stealth
  1026 | D:8      | Gained mutation: You are covered in thick fur. (AC +2)
                  | [Felid growth]
  1026 | D:8      | Reached XP level 6. HP: 19/30 MP: 8/8
  1040 | D:8      | Found an iron altar of Okawaru.
  1192 | D:7      | HP: 1/30 [hound (6)]
  1194 | D:7      | Slain by a hound

Skill      XL: |  1  2  3  4  5 |
---------------+----------------+-----
Stealth        | 2 3 5 6 7 |  7.4
Dodging        | 3 4 5 |  5.1
Fighting       | |  2.0
Spellcasting   | |  1.2
Translocations | |  4.4

Action                   |  1- 3 |  4- 6 || total
-------------------------+-------+-------++-------
Melee: Unarmed           |    22 |     2 ||    24
       Bite              |     2 |       ||     2
 Cast: Blink Other       |     3 |    13 ||    16
 Stab: Sleeping          |     1 |       ||     1
Armor: Skin              |    10 |     5 ||    15
Dodge: Dodged            |    69 |    37 ||   106
